 Dungeon Crawl Stone Soup version 0.27-a0-412-g8dd771eca2 (webtiles) character file.

Game seed: 16121800353215616594

841 Anon1729 the Grave Robber (level 7, -2/46 HPs)
             Began as a Mummy Necromancer on Feb 23, 2021.
             Slain by an ufetubus (3 damage)
             ... on level 5 of the Dungeon.
             The game lasted 00:08:21 (5266 turns).

Anon1729 the Grave Robber (Mummy Necromancer)       Turns: 5266, Time: 00:08:22

Health: -2/46      AC:  2    Str: 11    XL:     7   Next: 67%
Magic:  17/17      EV: 12    Int: 22    God:
Gold:   204        SH:  0    Dex: 13    Spells: 6/20 levels left

rFire    x . .     SeeInvis .   k - +2 dagger (elec)
rCold    + . .     Faith    .   (no shield)
rNeg     + + +     Spirit   .   a - +0 robe
rPois    ∞         Reflect  .   (no helmet)
rElec    .         Harm     .   (no cloak)
rCorr    .         Rampage  .   (no gloves)
Will     .....                  (no boots)
Stlth    ++........             (no amulet)
HPRegen  0.15/turn              f - +6 ring of intelligence
MPRegen  0.15/turn              i - ring of flight

@: no status effects
A: no potions, fire vulnerability, cold resistance 1, negative energy resistance
3, torment resistance, unbreathing
a: Evoke Flight


You were on level 5 of the Dungeon.
You visited 1 branch of the dungeon, and saw 5 of its levels.

You collected 204 gold pieces.

Inventory:

Hand Weapons
 b - a +0 dagger of venom
 k - a +2 dagger of electrocution (weapon)
 n - a +0 vampiric short sword
Missiles
 l - 2 boomerangs of dispersal
Armour
 a - a +0 robe (worn)
Jewellery
 f - a +6 ring of intelligence (left hand)
 g - a ring of resist corrosion
 i - a ring of flight (right hand)
 q - an amulet of faith {unknown}
Scrolls
 c - a scroll of magic mapping {unknown}
 d - 9 scrolls of identify {unknown}
 e - 2 scrolls of blinking {unknown}
 h - 2 scrolls of teleportation {unknown}
 j - a scroll of immolation {unknown}
 o - a scroll of enchant armour {unknown}
 p - a scroll of fear {unknown}


   Skills:
 - Level 1.6 Dodging
 - Level 1.6 Stealth
 - Level 7.1 Spellcasting
 * Level 7.8 Necromancy


You had 6 spell levels left.
You knew the following spells:

 Your Spells              Type           Power        Failure   Level
a - Pain                  Necr           100%         1%          1
b - Animate Skeleton      Necr           84%          1%          1
c - Vampiric Draining     Necr           21%          1%          3
d - Animate Dead          Necr           21%          3%          4
e - Agony                 Necr           42%          9%          5

Your spell library contained the following spells:

 Spells                   Type           Power        Failure   Level


Dungeon Overview and Level Annotations

Branches:
Dungeon (5/15)
 Temple: D:4-7

Altars:
Dithmenos
Makhleb
Vehumet
Yredelemnul
The Shining One


Innate Abilities, Weirdness & Mutations

You do not drink.
Your flesh is vulnerable to fire.
You are immune to poison.
Your flesh is cold resistant. (rC+)
You are immune to negative energy. (rN+++)
You are immune to unholy pain and torment.
You can survive without breathing.


Message History

* * * LOW HITPOINT WARNING * * *
The ufetubus hits you.
* * * LOW HITPOINT WARNING * * *
The ufetubus hits you.
* * * LOW HITPOINT WARNING * * *
Unknown command.
You aren't carrying any items that you can evoke.
Unknown command.
You aren't carrying any items that you can evoke.
Unknown command.
Unknown command.
Unknown command.
You closely miss the ufetubus.
The ufetubus is moderately wounded.
The ufetubus hits you but does no damage.
The ufetubus barely misses you.
Unknown command.
Press: ? - help, v - describe, . - travel
Here: an ufetubus (moderately wounded)
The floor.
Unknown command.
Casting: Pain (safe; 1% risk of failure)
Confirm with . or Enter, or press ? or * to list all spells.
Aiming: Vampiric Draining (safe; 1% risk of failure)
Press: ? - help, Shift-Dir - straight line, f/p - ufetubus
Aim: an ufetubus (moderately wounded)
You can't drain life from that!
You closely miss the ufetubus.
The ufetubus is moderately wounded.
The ufetubus barely misses you. The ufetubus closely misses you. x2
The ufetubus misses you.
You barely miss the ufetubus.
The ufetubus is moderately wounded.
The ufetubus closely misses you. The ufetubus misses you.
You closely miss the ufetubus.
The ufetubus is moderately wounded.
The ufetubus hits you.
* * * LOW HITPOINT WARNING * * *
The ufetubus closely misses you. The ufetubus hits you.
You die...

# . ##. ..
#..# ...
##..### ....
#..#..## .....
#....5<#......
##..@#))......
#...#...#####
#......##
........#
###.##...# #.
##... ## #....
....##


You could see an ufetubus.

Vanquished Creatures
  Sigmund (D:2)
  An ogre (D:4)
  A phantom (D:4)
  A crimson imp (D:3)
  A howler monkey (D:4)
  A hound (D:4)
  3 orc priests (D:3)
  A bullfrog skeleton (D:3)
  A worker ant (D:4)
  An iguana (D:4)
  5 orc wizards
  5 adders
  2 oozes
  A worm (D:3)
  A dart slug (D:1)
  5 leopard geckos
  17 orcs
  3 giant cockroaches
  9 goblins
  6 hobgoblins
  4 quokkas
  4 bats
  3 frilled lizards
  3 kobolds (D:1)
  5 rats
85 creatures vanquished.

Notes
Turn   | Place    | Note
-------+----------+-------------------------------------------
     0 | D:1      | Anon1729 the Mummy Necromancer began the quest for the Orb.
     0 | D:1      | Reached XP level 1. HP: 13/13 MP: 4/4
   400 | D:1      | Learned a level 1 spell: Animate Skeleton
   556 | D:1      | Reached XP level 2. HP: 19/19 MP: 5/5
  1314 | D:2      | Noticed Sigmund
  1320 | D:1      | Reached XP level 3. HP: 8/24 MP: 6/8
  1534 | D:1      | Learned a level 3 spell: Vampiric Draining
  1585 | D:2      | Found a shadowy altar of Dithmenos.
  2245 | D:2      | Killed Sigmund
  2246 | D:2      | Reached skill level 5 in Spellcasting
  2246 | D:2      | Reached skill level 5 in Necromancy
  2246 | D:2      | Reached XP level 4. HP: 10/30 MP: 1/11
  2246 | D:2      | Reached XP level 5. HP: 12/35 MP: 1/12
  2633 | D:3      | Reached XP level 6. HP: 41/41 MP: 5/14
  3359 | D:3      | Found a glowing golden altar of the Shining One.
  3528 | D:3      | Found a burning altar of Makhleb.
  3530 | D:3      | Found a radiant altar of Vehumet.
  3535 | D:3      | Reached XP level 7. HP: 46/46 MP: 14/17
  3730 | D:4      | Found a basalt altar of Yredelemnul.
  4478 | D:3      | Learned a level 4 spell: Animate Dead
  4484 | D:3      | Learned a level 5 spell: Agony
  4812 | D:5      | Entered Level 5 of the Dungeon
  5262 | D:5      | HP: 1/46 [ufetubus (3)]
  5266 | D:5      | Slain by an ufetubus

Illustrated notes

Levels and vault maps discovered:
D:1:      ncdulo_wetmaze, layout_basic, minmay_misc_feat_tower
D:2:      layout_rooms, grunt_dithmenos_smoke_and_mirrors,
          kennysheep_generic_room_13, uniq_sigmund
D:3:      layout_rooms, grunt_temple_overflow_lords_of_destruction,
          general_overflow_altar
D:4:      layout_loops_cross, nicolae_overflow_crystal_walls,
          hangedman_abyss_or_decor_passed
D:5:      layout_cave_pools, lemuel_round_altar

Skill      XL: |  1  2  3  4  5  6  7 |
---------------+----------------------+-----
Spellcasting   | 3 5 6 7 |  7.1
Necromancy     | 5 6 7 |  7.8
Dodging        | |  1.6
Stealth        | |  1.6

Action                   |  1- 3 |  4- 6 |  7- 9 || total
-------------------------+-------+-------+-------++-------
Melee: Dagger            |    44 |    13 |    40 ||    97
 Cast: Pain              |    34 |    77 |    38 ||   149
       Vampiric Draining |       |       |     2 ||     2
Evoke: Wand              |       |       |     1 ||     1
 Stab: Sleeping          |     1 |     1 |     1 ||     3
Armor: Robe              |     6 |     8 |     8 ||    22
Dodge: Dodged            |    33 |    13 |    52 ||    98

Table legend: (Time is in decaauts)
 A = Elapsed time spent in this place.
 B = Non-inter-level travel time spent in this place.
 C = Inter-level travel time spent in this place.
 D = Time resting spent in this place.
 E = Time spent auto-exploring this place.
 F = Levels seen in this place.
 G = Mean time per level.
                   A        B        C        D        E       F      G
               +--------+--------+--------+--------+--------+-----+--------+
         Total |   5276 |   5130 |    146 |   1528 |   3033 |   5 | 1055.2 |
       Dungeon |   5276 |   5130 |    146 |   1528 |   3033 |   5 | 1055.2 |
               +--------+--------+--------+--------+--------+-----+--------+

Top non-repeatable levels by time:
     D:1: 1695 daAuts
     D:3: 1554 daAuts
     D:4: 916 daAuts
     D:2: 822 daAuts
     D:5: 288 daAuts
